 Dungeon Crawl Stone Soup version 0.16-a0-3884-g0a5f664 (webtiles) character file.

17431 Ololoev the Summoner (level 12, -2/80 HPs)
             Began as a Mummy Summoner on Feb 2, 2015.
             Was a High Priest of Kikubaaqudgha.
             Slain by Oliotzoeg the merfolk
             ... wielding a +2 vampiric trident
             ... created by the player character
              (8 damage)
             ... in an ice cave.
             The game lasted 01:30:59 (21508 turns).

Ololoev the Summoner (Mummy Summoner)              Turns: 21508, Time: 01:30:59

Health: -2/80      AC:  9    Str: 13      XL:     12   Next: 18%
Magic:  1/25       EV: 16    Int: 17 (18) God:    Kikubaaqudgha [*****.]
Gold:   254        SH:  6    Dex: 19      Spells: 4 memorised, 7 levels left

rFire  . . .     SeeInvis .     a - +2 falchion "Nualoosu" {drain, *Rage +Fly rElec MR+}
rCold  + . .     Rnd*Rage +     r - +2 robe {rF+}
rNeg   + + +     SustAb   .     f - +0 buckler
rPois  ∞         Gourm    .     l - +0 helmet
rElec  +         Spirit   .     A - +0 cloak
rCorr  .         Warding  .     t - +1 pair of gloves {Dex+3}
rMut   .         Stasis   .     k - +0 pair of boots
MR     ++...                    w - amulet of regeneration
Stlth  +++.......               q - ring "Ulucyn" {+Blink rN+ Str+2 Dex+4 Stlth+}
                                c - +3 ring of evasion

@: empathic, very resistant to hostile enchantments, fairly stealthy
A: no food or potions, fire vulnerability, restore body, cold resistance 1,
negative energy resistance 3, poison resistance, torment resistance, unbreathing
a: Receive Corpses, Torment, Renounce Religion, Evoke Blink, Evoke Flight


You were in an ice cave.
You worshipped Kikubaaqudgha.
Kikubaaqudgha was extremely pleased with you.
You were not hungry.

You visited 3 branches of the dungeon, and saw 16 of its levels.
You also visited: Ice Cave.

You collected 897 gold pieces.
You spent 643 gold pieces at shops.

Notes
Turn   | Place    | Note
--------------------------------------------------------------
     0 | D:1      | Ololoev, the Mummy Summoner, began the quest for the Orb.
     0 | D:1      | Reached XP level 1. HP: 13/13 MP: 3/3
  1420 | D:1      | Reached XP level 2. HP: 13/19 MP: 4/4
  1501 | D:1      | Learned a level 2 spell: Call Imp
  1687 | D:1      | Reached skill level 4 in Summonings
  1989 | D:1      | Reached XP level 3. HP: 22/24 MP: 6/6
  2191 | D:2      | Found a sparkling altar of Nemelex Xobeh.
  2286 | D:2      | Found a glowing silver altar of Zin.
  2537 | D:2      | Found a glowing golden altar of the Shining One.
  2736 | D:2      | Learned a level 3 spell: Call Canine Familiar
  3234 | D:3      | Reached XP level 4. HP: 25/30 MP: 7/7
  4005 | D:3      | Reached skill level 5 in Summonings
  4766 | D:4      | Noticed Frenchkiss' ghost (average VSMo)
  4791 | D:4      | Reached XP level 5. HP: 33/35 MP: 1/9
  4930 | D:4      | Found an opulent altar of Gozag.
  5852 | D:4      | Reached skill level 6 in Summonings
  5852 | D:4      | Reached XP level 6. HP: 38/41 MP: 10/10
  6216 | D:5      | Entered Level 5 of the Dungeon
  6644 | D:5      | Found Fimoj's Antique Armour Shop.
  6752 | D:5      | Reached skill level 1 in Fighting
  6925 | D:5      | Reached XP level 7. HP: 37/48 MP: 7/12
  6981 | D:5      | Reached skill level 1 in Shields
  7000 | D:5      | Got a faintly glowing platinum ring
  7001 | D:5      | Identified the ring "Ulucyn" {+Blink rN+ Str+2 Dex+4 Stlth+} (You found it on level 5 of the Dungeon)
  7182 | D:5      | Found a shadowy altar of Dithmenos.
  7221 | D:5      | Found a runed door.
  7343 | D:6      | Found Keagulaa's Weapon Shoppe.
  7821 | D:4      | Killed Frenchkiss' ghost
  7821 | D:4      | Reached skill level 7 in Summonings
  7919 | D:6      | Found a white marble altar of Elyvilon.
  7948 | D:6      | Found Crayheu's Assorted Antiques.
  8036 | D:6      | Bought a pair of embroidered gloves for 135 gold pieces
  8036 | D:6      | Bought a scroll of identify for 60 gold pieces
  8244 | D:6      | Found Kla Cliu's Assorted Antiques.
  8293 | D:6      | Reached skill level 1 in Long Blades
  8319 | D:6      | Found a staircase to the Ecumenical Temple.
  8345 | Temple   | Entered the Ecumenical Temple
  8398 | Temple   | Became a worshipper of Kikubaaqudgha
  8458 | D:6      | Noticed Sigmund
  8489 | D:6      | Killed Sigmund
  8489 | D:6      | Reached XP level 8. HP: 31/56 MP: 1/13
  9002 | D:6      | Noticed a wraith
  9032 | D:6      | Killed a wraith
  9708 | D:6      | Found a shimmering altar of Xom.
  9711 | D:6      | Found an iron altar of Okawaru.
  9714 | D:6      | Found a shattered altar of Ashenzari.
 10177 | D:7      | Noticed Prince Ribbit
 10341 | D:7      | Found a deep blue altar of Sif Muna.
 10496 | D:7      | Acquired Kikubaaqudgha's first power
 10496 | D:7      | Received a gift from Kikubaaqudgha
 10497 | D:7      | Identified Kikubaaqudgha's Collected Works on Evil Secrets (Kikubaaqudgha gifted it to you on level 7 of the Dungeon)
 10567 | D:7      | Reached XP level 9. HP: 61/61 MP: 14/14
 10582 | D:7      | Reached skill level 8 in Summonings
 10621 | D:7      | Noticed Crazy Yiuf
 10626 | D:7      | Killed Crazy Yiuf
 10626 | D:7      | Reached skill level 5 in Long Blades
 10701 | D:7      | Noticed Menkaure
 10706 | D:7      | Killed Menkaure
 11442 | D:8      | Acquired Kikubaaqudgha's second power
 11447 | D:8      | Found a staircase to the Lair.
 11524 | D:8      | Noticed an elephant
 11543 | D:8      | Killed an elephant
 12071 | D:8      | Reached XP level 10. HP: 61/67 MP: 14/16
 12184 | D:8      | Reached skill level 9 in Summonings
 12360 | D:9      | Found a blossoming altar of Fedhas.
 12806 | D:9      | Noticed Erolcha
 13060 | D:9      | Received a gift from Kikubaaqudgha
 13063 | D:9      | Identified Kikubaaqudgha's Catalogue of Darkness (Kikubaaqudgha gifted it to you on level 9 of the Dungeon)
 13071 | D:9      | Learned a level 6 spell: Simulacrum
 13520 | D:9      | Killed Erolcha
 13520 | D:9      | Reached skill level 1 in Necromancy
 13520 | D:9      | Reached skill level 1 in Ice Magic
 13804 | D:9      | Noticed a cyan ugly thing
 13825 | D:9      | Killed a cyan ugly thing
 14676 | D:9      | Reached skill level 1 in Evocations
 14920 | D:10     | Entered Level 10 of the Dungeon
 15027 | D:10     | Noticed Psyche
 15036 | D:10     | Killed Psyche
 15163 | D:10     | Acquired Kikubaaqudgha's third power
 15409 | D:10     | Got a spiked ring mail
 15420 | D:10     | Identified the -7 ring mail of Blue Skies {rC+ rCorr Str+4} (You found it on level 10 of the Dungeon)
 15437 | D:10     | Learned a level 4 spell: Summon Ice Beast
 16230 | D:6      | Bought the cursed +2 falchion "Nualoosu" {drain, *Rage +Fly rElec MR+} for 448 gold pieces
 16315 | Lair:1   | Entered Level 1 of the Lair of Beasts
 16412 | Lair:1   | Reached XP level 11. HP: 72/72 MP: 21/21
 17483 | Lair:1   | Noticed Somebody's ghost (powerful NaWr)
 17833 | Lair:1   | Killed Somebody's ghost
 18382 | Lair:2   | Noticed a six-headed hydra
 18391 | Lair:1   | Reached skill level 5 in Evocations
 18432 | Lair:2   | Noticed a six-headed hydra
 18442 | Lair:2   | Killed a six-headed hydra
 19158 | Lair:2   | Reached skill level 5 in Necromancy
 19231 | Lair:2   | Reached skill level 5 in Spellcasting
 19894 | Lair:2   | Acquired Kikubaaqudgha's fourth power
 20309 | Lair:2   | Killed a six-headed hydra
 20560 | Lair:3   | Reached XP level 12. HP: 78/78 MP: 25/25
 21391 | Lair:4   | Found a frozen archway.
 21398 | IceCv    | Entered an ice cave
 21416 | IceCv    | Reached skill level 1 in Armour
 21419 | IceCv    | Reached skill level 5 in Ice Magic
 21508 | IceCv    | Slain by Oliotzoeg the merfolk

Inventory:

Hand weapons
 a - the +2 falchion "Nualoosu" (weapon) {drain, *Rage +Fly rElec MR+}
   (You bought it in a shop on level 6 of the Dungeon)

   A truly terrible weapon, it drains the life of those it strikes.
   It insulates you from electricity.
   It affects your resistance to hostile enchantments.
   It lets you fly.
   It may make you go berserk in combat.
Armour
 f - a +0 buckler (worn)
 k - a +0 pair of boots (worn)
 l - a +0 helmet (worn)
 r - a +2 robe of fire resistance (worn)
 t - a +1 pair of gloves of dexterity (worn)
 A - a +0 cloak (worn)
 D - a troll hide
Magical staves
 b - an uncursed staff of summoning
Jewellery
 c - a +3 ring of evasion (left hand)
 q - the ring "Ulucyn" (right hand) {+Blink rN+ Str+2 Dex+4 Stlth+}
   (You found it on level 5 of the Dungeon)

   [ring of strength]

   It affects your strength (+2).
   It affects your dexterity (+4).
   It protects you from negative energy.
   It lets you blink.
   It makes you more stealthy.
 w - an amulet of regeneration (around neck)
Magical devices
 d - a wand of hasting (3)
 x - a wand of flame (1)
 H - a wand of enslavement (17)
Scrolls
 g - 5 scrolls of enchant armour
 h - 2 scrolls of magic mapping
 i - 4 scrolls of teleportation
 j - 2 scrolls of remove curse
 m - 4 scrolls of recharging
 n - a scroll of fear
 o - a scroll of amnesia
 s - a scroll of blinking {unknown}
 y - a scroll of immolation {unknown}
 C - a scroll of random uselessness {unknown}
 F - a scroll of summoning {unknown}
Books
 e - Kikubaaqudgha's Catalogue of Darkness
   (Kikubaaqudgha gifted it to you on level 9 of the Dungeon)

   Spells                             Type                      Level
   a - Animate Dead                   Necromancy                   4
   b - Bolt of Draining               Conjuration/Necromancy       5
   c - Agony                          Necromancy                   5
   d - Dispel Undead                  Necromancy                   5
   e - Simulacrum                     Ice/Necromancy               6
 u - a book of Callings

   Spells                             Type                      Level
   a - Summon Small Mammal            Summoning                    1
   b - Call Imp                       Summoning                    2
   c - Call Canine Familiar           Summoning                    3
   d - Summon Guardian Golem          Hexes/Summoning              4
   e - Summon Lightning Spire         Summoning/Air                4
   f - Summon Ice Beast               Ice/Summoning                4
 z - Kikubaaqudgha's Collected Works on Evil Secrets
   (Kikubaaqudgha gifted it to you on level 7 of the Dungeon)

   Spells                             Type                      Level
   a - Animate Skeleton               Necromancy                   1
   b - Pain                           Necromancy                   1
   c - Corpse Rot                     Necromancy                   2
   d - Vampiric Draining              Necromancy                   3
   e - Control Undead                 Necromancy                   4
Miscellaneous
 B - a legendary deck of wonders {drawn: 5}

Table legend:
 A = Turns spent in this place as a percentage of turns spent in the entire game.
 B = Non-inter-level travel turns spent in this place as a percentage of non-inter-level travel turns spent in the entire game.
 C = Inter-level travel turns spent in this place as a percentage of turns spent in this place.
 D = Turns resting spent in this place as a percentage of non-inter-level travel turns spent in this place.
 E = Turns spent auto-exploring this place as a percentage of non-inter-level travel turns spent in this place.
 F = Non-inter-level travel turns spent in this place divided by the number of levels of this place that you've seen.
                   A       B       C       D       E      F
               +-------+-------+-------+-------+-------+----------------------
         Total | 100.0 | 100.0 |   0.4 |   4.9 |   6.6 | 423.0
       Dungeon |  68.1 |  68.1 |   0.5 |   5.5 |   7.5 | 445.2
        Temple |   0.2 |   0.2 |   6.2 |   0.0 |  40.0 |  15.0
          Lair |  30.4 |  30.5 |   0.3 |   3.5 |   4.5 | 547.8
      Ice Cave |   1.2 |   1.2 |   0.0 |   2.3 |   0.0 |  88.0
               +-------+-------+-------+-------+-------+----------------------


   Skills:
 + Level 2.8 Fighting
 - Level 8.5 Long Blades
 + Level 1.0 Armour
 + Level 2.2 Dodging
 - Level 1.5 Stealth
 - Level 4.0 Shields
 - Level 5.6 Spellcasting
 - Level 9.0 Summonings
 + Level 5.9 Necromancy
 + Level 5.1 Ice Magic
 - Level 7.0 Evocations


You had 7 spell levels left.
You knew the following spells:

 Your Spells              Type           Power        Failure   Level  Hunger
a - Call Canine Familiar  Summ           #####...     1%          3    N/A
b - Call Imp              Summ           #####...     1%          2    N/A
c - Simulacrum            Ice/Necr       ###.......   99%         6    N/A
d - Summon Ice Beast      Ice/Summ       ####....     10%         4    N/A

Dungeon Overview and Level Annotations

Branches:
Dungeon (11/15)            Temple (1/1) D:6            Lair (4/8) D:8
  Swamp: Lair:3-6    Shoals: Lair:3-6     Snake: Lair:3-6    Spider: Lair:3-6
    Orc: D:9-12

Altars:
Ashenzari
Cheibriados
Dithmenos
Elyvilon
Fedhas
Gozag
Kikubaaqudgha
Makhleb
Nemelex Xobeh
Okawaru
Qazlal
Ru
Sif Muna
Trog
Vehumet
Xom
Yredelemnul
Zin
The Shining One

Shops:
D:5 [   D:6 (**

Annotations:
D:5 runed door
D:7 Prince Ribbit IceCv exclusion: ice statue


Innate Abilities, Weirdness & Mutations

You do not eat or drink.
Your flesh is vulnerable to fire.
Your flesh is cold resistant.
You are immune to negative energy.
Your system is resistant to poisons.
You are immune to unholy pain and torment.
You can survive without breathing.


Message History

Aim: an ice statue (almost destroyed)
The puff of flame hits the ice statue.
The ice statue appears unharmed.
The ice statue is almost destroyed.
This wand has 1 charge left.
Your hound bites the ice beast but does no damage.
The ice beast hits your hound. The ice beast freezes your hound.
Your hound dies!
Your hound's corpse disappears in a puff of smoke!
The ice beast hits you. The ice beast freezes you. You resist.
Read which item? (? for menu, Esc to quit)
Okay, then.
Unknown command.
Evoke which item? (* to show all) (? for menu, Esc to quit)
You draw a card...
It is Placid Magic.
You feel magic draining away.
The ice statue's magic leaks into the air.
You block the ice beast's attack.
Evoke which item? (* to show all) (? for menu, Esc to quit)
You draw a card...
It is the Helix.
Your body decomposes!
You feel dopey. The ice beast misses you. The ice beast hits you.
The ice beast freezes you. You resist.
Evoke which item? (* to show all) (? for menu, Esc to quit)
You draw a card...
It is the Mercenary.
You cannot afford Oliotzoeg's fee of 292 gold!
Oliotzoeg attacks!
Oliotzoeg the merfolk comes into view. It is wielding a vampiric trident.
The ice statue throws ice at you. The shard of ice misses you.
The ice beast hits you but does no damage.
You block the ice beast's attack.
You hit the ice statue.
The ice statue is almost destroyed.
The ice statue falters for a moment.
The ice beast barely misses you. The ice beast misses you.
You hit the ice statue.
The ice statue is almost destroyed.
Oliotzoeg hits you from afar with a vampiric trident!
You die...
Kikubaaqudgha rasps: "You have failed me!
Welcome... oblivion!"

#######...#
##.##
##..## h
#.(.###..##
Y
##......##
h #..#....#
h#.####.##
#.######
#..##.##
##...@Y#
##m.Y8..#
####..#..#
#.# .# h ##


YhY Y YY h h Y h You could see an ice statue, Oliotzoeg the merfolk and 2 ice
beasts.

Table legend:
 A = Kills in this place as a percentage of kills in entire the game.
 B = Kills by you in this place as a percentage of kills by you in the entire game.
 C = Kills by friends in this place as a percentage of kills by friends in the entire game.
 D = Other kills in this place as a percentage of other kills in the entire game.
 E = Experience gained in this place as a percentage of experience gained in the entire game.
 F = Experience gained in this place divided by the number of levels of this place that you have seen.
                   A       B       C       D       E      F
               +-------+-------+-------+-------+-------+----------------------
         Total | 100.0 | 100.0 | 100.0 |  -nan | 100.0 | 1464.8
       Dungeon |  74.0 |  72.5 |  78.5 |  -nan |  42.9 | 972.1
          Lair |  24.7 |  27.0 |  18.2 |  -nan |  53.9 | 3355.8
      Ice Cave |   1.3 |   0.6 |   3.3 |  -nan |   3.2 | 786.0
               +-------+-------+-------+-------+-------+----------------------

Vanquished Creatures
  An ugly thing (D:9)
  An elephant (D:8)
  A spiny frog (Lair:1)
  A troll (D:10)
  A polar bear (IceCv)
  2 basilisks
  27 yaks
  A wolf (IceCv)
  A deep elf fighter (D:8)
  2 hippogriffs
  2 water moccasins (Lair:3)
  3 porcupines
  2 ice beasts
  3 orc warriors
  2 ogres
  A black bear (D:7)
  4 necrophages (D:9)
  A phantom (D:10)
  A centaur (D:10)
  6 giant frogs
  A big kobold (D:10)
  7 crocodiles
  A gnoll sergeant (D:8)
  3 scorpions
  3 killer bees (D:9)
  2 jellies
  A wight (D:6)
  2 giant frog zombies
  A centaur zombie (D:8)
  2 goliath beetles (D:8)
  15 orc wizards
  19 hounds
  6 orc priests
  2 iguanas
  8 worker ants
  A giant frog skeleton (D:7)
  8 sheep
  A hound zombie (D:9)
  15 adders
  6 gnolls
  2 hound skeletons
  A worker ant zombie (D:9)
  22 river rats
  2 shadow imps
  A giant mite (D:4)
  A worm (D:4)
  An adder skeleton (D:8)
  2 giant geckos
  2 oozes (D:5)
  34 orcs
  14 bats
  A bat skeleton (D:4)
  8 giant cockroaches
  16 goblins
  8 hobgoblins
  19 jackals
  16 kobolds
  A ball python (D:8)
  8 giant newts
  2 jackal skeletons
  9 quokkas
  2 quokka zombies
  18 rats
  2 ballistomycetes (D:6)
359 creatures vanquished.

Vanquished Creatures (collateral kills)
  The ghost of Somebody the Carver, a powerful NaWr of Kikubaaqudgha (Lair:1)
  2 hydras (Lair:2)
  Erolcha (D:9)
  6 elephants (Lair:2)
  A spiny frog (Lair:2)
  Psyche (D:10)
  A black mamba (Lair:2)
  A komodo dragon (Lair:2)
  A polar bear (IceCv)
  A trapdoor spider zombie (D:9)
  A wraith (D:6)
  The ghost of Frenchkiss the Ruffian, an average VSMo (D:4)
  A hippogriff (D:8)
  5 yaks
  6 wolves
  Menkaure (D:7)
  A porcupine (Lair:2)
  4 phantoms
  A sky beast (D:7)
  A black bear (D:7)
  2 centaurs (D:7)
  An eye of draining (D:8)
  An ogre (D:7)
  An orc warrior (D:9)
  2 necrophages
  3 crocodiles
  Sigmund (D:6)
  A giant frog (D:6)
  3 killer bees (D:9)
  7 wights (D:6)
  A crimson imp (D:8)
  2 hounds
  2 jellies
  A centaur skeleton (D:6)
  Crazy Yiuf (D:7)
  2 orc priests
  7 orc wizards
  3 worker ants
  A sheep (Lair:2)
  2 worker ant zombies (D:7)
  6 gnolls
  4 adders
  A shadow imp (D:6)
  2 worms
  11 orcs
  A bat (D:4)
  4 hobgoblins
  4 jackals
  A giant gecko (D:6)
  2 goblins
  A kobold (D:8)
  2 rats (D:6)
121 creatures vanquished.

Vanquished Creatures (others)
  22 ice beasts
  2 wargs
  14 wolves
  3 iron imps
  18 hounds
  13 crimson imps
  4 shadow imps
  9 white imps
  A bat (D:1)
  A giant spore (D:6)
  A rat (D:1)
  2 bushes
  A fungus (Lair:1)
  4 plants (D:9)
95 creatures vanquished.

Grand Total: 575 creatures vanquished

Action                   |  1- 3 |  4- 6 |  7- 9 | 10-12 || total
-------------------------+-------+-------+-------+-------++-------
Melee: Unarmed           |    50 |       |       |       ||    50
       Whip              |   147 |   265 |       |       ||   412
       Dagger            |       |    57 |   593 |   505 ||  1155
       Falchion          |       |       |    29 |   681 ||   710
       Staff             |       |       |     1 |     1 ||     2
 Cast: Summon Small Mamm |     9 |       |       |       ||     9
       Call Imp          |     6 |    14 |    34 |    16 ||    70
       Call Canine Famil |       |    10 |    31 |    31 ||    72
       Summon Ice Beast  |       |       |       |    46 ||    46
Evoke: Wand              |       |     1 |       |    18 ||    19
       Deck              |       |       |       |     5 ||     5
  Use: Scroll            |     6 |     1 |     6 |    14 ||    27
 Stab: Sleeping          |     2 |     1 |     6 |    10 ||    19
       Distracted        |       |       |     4 |     8 ||    12
       Confused          |       |       |       |     3 ||     3

Vault maps used:
D:1:      minmay_arrival_three_doors
D:2:      nicolae_overflow_crystal_walls, nemelex_xobeh_ov_fountains_minmay,
          tso_altar
D:3:      first_bread, hangedman_decor_slide_cut
D:4:      grunt_gozag_breadcrumbs
D:5:      lemuel_round_altar, serial_shops, nicolae_shop_stone,
          hangedman_jelly_panic
D:6:      elyvilon_altar_1, grunt_temple_overflow_diamond, temple_hall,
          serial_shops, shop, shop_fountains, shop, uniq_sigmund
D:7:      nicolae_overflow_hidden_temple, grunt_decor_fettered,
          uniq_prince_ribbit1, uniq_menkaure, uniq_crazy_yiuf_cottage
D:8:      david_lair_generic, grunt_pizzeria
D:9:      fedhas_altar_decomposition, minmay_stone_trees_large,
          small_chamber_with_monster, uniq_erolcha
D:10:     hangedman_abyss_or_decor_stabs, uniq_psyche
D:11:     david_orc_1_choice, minmay_fountain_box
Temple:   minmay_temple_bridge_b_8
Lair:1:   serial_bayou_pond_c, lemuel_fruit_tree, infiniplex_staircase_pool_2
Lair:2:   st_stairs_12, grunt_megastairs_2
Lair:3:   guppyfry_lair_drakes
Lair:4:   portal_ice_cave_entry_pillars_03, ice2_lemuel, uniq_harold,
          uniq_nergalle
IceCv:    ice_cave_caverns_03
